 Dungeon Crawl Stone Soup version 0.25-a0-578-gc91f01c39c (webtiles) character file.

Game seed: 17817252260941357858, levelgen mode: deterministic

548 inmateoo the Grave Robber (level 7, -3/38 HPs)
             Began as a Deep Elf Necromancer on Mar 7, 2020.
             Killed from afar by Sigmund (11 damage)
             ... with a puff of flame
             ... on level 5 of the Dungeon.
             The game lasted 00:10:13 (5389 turns).

inmateoo the Grave Robber (Deep Elf Necromancer)    Turns: 5389, Time: 00:10:14

Health: -3/38      AC:  2    Str:  5    XL:     7   Next: 7%
Magic:  6/15       EV: 15    Int: 25    God:
Gold:   66         SH:  0    Dex: 15    Spells: 6/15 levels left

rFire    . . .     SeeInvis .   x - +2 quarterstaff (chaos)
rCold    . . .     Gourm    .   (shield currently unavailable)
rNeg     . . .     Faith    .   a - +0 robe
rPois    +         Spirit   .   q - -2 helmet
rElec    .         Reflect  .   k - +0 cloak
rCorr    .         Harm     .   (no gloves)
MR       .....                  (no boots)
Stlth    +++.......             (no amulet)
HPRegen  0.12/turn              v - ring of poison resistance
MPRegen  0.14/turn              n - +3 ring of intelligence

@: no status effects
A: no striking features
a: no special abilities


You were on level 5 of the Dungeon.
You were not hungry.

You visited 1 branch of the dungeon, and saw 5 of its levels.

You collected 291 gold pieces.
You spent 225 gold pieces at shops.

Inventory:

Hand Weapons
 s - a +0 shortbow of flaming
 x - a +2 quarterstaff of chaos (weapon)
Missiles
 t - 14 arrows
Armour
 a - a +0 robe (worn)
 k - a +0 cloak (worn)
 q - a -2 helmet (worn)
Magical Staves
 u - an uncursed staff of summoning
Jewellery
 n - a +3 ring of intelligence (right hand)
 v - a ring of poison resistance (left hand)
Wands
 m - a wand of random effects (24)
 y - a wand of enslavement (7)
Scrolls
 b - 2 scrolls of remove curse
 g - 4 scrolls of teleportation
 p - a scroll of amnesia
 w - 2 scrolls of blinking
 z - 3 scrolls of fog
Potions
 e - a potion of flight
 f - a potion of resistance
 h - a potion of might
 i - 3 potions of curing
 j - a potion of berserk rage
 l - a potion of heal wounds
 o - a potion of ambrosia
 r - a potion of mutation
Comestibles
 c - 5 rations
 d - 2 chunks of flesh


   Skills:
 + Level 1.6 Fighting
 * Level 3.1 Bows
 - Level 5.0 Dodging
 + Level 4.0 Stealth
 + Level 4.5 Spellcasting
 * Level 6.5 Necromancy


You had 6 spell levels left.
You knew the following spells:

 Your Spells              Type           Power        Failure   Level  Hunger
a - Pain                  Necr           ####         1%          1    None
b - Animate Skeleton      Necr           N/A          1%          1    None
c - Vampiric Draining     Necr           #####.....   1%          3    ##.....
d - Animate Dead          Necr           N/A          6%          4    ####...

Your spell library contained the following spells:

 Spells                   Type           Power        Failure   Level  Hunger
 Apportation              Tloc           #.....       9%          1    None
 Corona                   Hex            #......      9%          1    None
 Summon Small Mammal      Summ           #...         9%          1    None
 Agony                    Necr           #####...     16%         5    #####..


Dungeon Overview and Level Annotations

Branches:
Dungeon (5/15)
 Temple: D:4-7

Altars:
Dithmenos
Hepliaklqana
Nemelex Xobeh
Wu Jian

Shops:
D:5 ?:

Annotations:
D:5 Sigmund


Message History

Sigmund gestures at you while chanting. The puff of flame hits you!
* * * LOW HITPOINT WARNING * * *
Your orc zombie barely misses Sigmund.
Casting: Pain (safe; 1% risk of failure)
Confirm with . or Enter, or press ? or * to list all spells.
Aiming: Pain (safe; 1% risk of failure)
Press: ? - help, Shift-Dir - straight line, f/p - Sigmund
Aim: Sigmund, wielding a +0 scythe and wearing a cursed +0 robe (almost dead, chance to defeat MR: 89%) Sigmund barely resists.
Sigmund misses you.
Your orc zombie hits Sigmund with a +0 club.
Casting: Pain (safe; 1% risk of failure)
Confirm with . or Enter, or press ? or * to list all spells.
Aiming: Pain (safe; 1% risk of failure)
Press: ? - help, Shift-Dir - straight line, f/p - Sigmund
Aim: Sigmund, wielding a +0 scythe and wearing a cursed +0 robe (almost dead, chance to defeat MR: 89%) Sigmund barely resists.
Your orc zombie closely misses Sigmund.
Sigmund gestures at you while chanting. The puff of flame hits you!
You die...

####......# #.#.# #
##.####.##*#.#.# ## ###..#
#..##..#.# .# #...##
##....##.# .####.###
###.......#####**
...##.######..............,*
...#..#.........#.........,*
...............##.........<*
.##.......>.....@.@.......,*
.(......######.##ZZZ......,*
.###.##..# #.##.........,*
.#,..#*#.# ##.##.........,*
..,.## *.# #...##.#######**
.,*.####.####..........#
..,,..$........#.#.###.#
*.#,######..#...∩..# *,**
*,.,,*** ##.#%.#.### *,,*


You could see Sigmund, 2 friendly orc zombies and a friendly ball python
skeleton (confused).

Vanquished Creatures
  An ogre (D:4)
  A water moccasin skeleton (D:4)
  A hound (D:5)
  A jelly (D:5)
  A bullfrog skeleton (D:5)
  Crazy Yiuf (D:5)
  An orc wizard (D:4)
  3 worker ants
  3 hound skeletons
  2 adders
  3 oozes
  3 adder skeletons
  5 worms
  3 dart slugs
  3 leopard geckos
  11 orcs
  3 ball pythons
  A giant cockroach (D:5)
  7 goblins
  9 hobgoblins
  4 jackals (D:1)
  3 quokkas
  10 bats
  6 frilled lizards
  2 jackal skeletons (D:4)
  12 kobolds
  6 rats
  A fungus (D:5)
107 creatures vanquished.

Vanquished Creatures (collateral kills)
  A giant cockroach (D:4)
1 creature vanquished.

Grand Total: 108 creatures vanquished

Notes
Turn   | Place    | Note
-------+----------+-------------------------------------------
     0 | D:1      | inmateoo the Deep Elf Necromancer began the quest for the
                  | Orb.
     0 | D:1      | Reached XP level 1. HP: 10/10 MP: 6/6
     2 | D:1      | Learned a level 1 spell: Animate Skeleton
   220 | D:1      | Reached skill level 5 in Necromancy
   493 | D:1      | Reached XP level 2. HP: 13/15 MP: 5/8
  1276 | D:2      | Reached XP level 3. HP: 18/20 MP: 5/9
  1288 | D:2      | Learned a level 3 spell: Vampiric Draining
  2645 | D:3      | Reached XP level 4. HP: 24/24 MP: 11/11
  3140 | D:4      | Reached skill level 1 in Bows
  3208 | D:4      | Reached skill level 1 in Fighting
  3208 | D:4      | Reached XP level 5. HP: 29/29 MP: 12/12
  3293 | D:4      | Found an ornate altar of the Wu Jian Council.
  3429 | D:4      | Found a sparkling altar of Nemelex Xobeh.
  3453 | D:4      | Noticed a phantom
  3474 | D:5      | Entered Level 5 of the Dungeon
  3516 | D:5      | Learned a level 4 spell: Animate Dead
  3538 | D:5      | Found Enithrey's Magic Scroll Shop.
  3547 | D:5      | Bought a scroll of blinking for 75 gold pieces
  3547 | D:5      | Bought a scroll of teleportation for 30 gold pieces
  3547 | D:5      | Bought a scroll of identify for 20 gold pieces
  3547 | D:5      | Bought a scroll of identify for 20 gold pieces
  3547 | D:5      | Bought a scroll of identify for 20 gold pieces
  3547 | D:5      | Bought 3 scrolls of fog for 60 gold pieces
  3565 | D:5      | Reached skill level 6 in Necromancy
  3806 | D:5      | Reached XP level 6. HP: 34/34 MP: 14/14
  3903 | D:5      | Found a shadowy altar of Dithmenos.
  3958 | D:4      | Found a hazy altar of Hepliaklqana.
  4927 | D:5      | Found a runed translucent door.
  4928 | D:5      | Noticed Crazy Yiuf
  5159 | D:5      | Killed Crazy Yiuf
  5193 | D:5      | Noticed Sigmund
  5258 | D:5      | Found Upri's Book Shop.
  5271 | D:5      | Reached XP level 7. HP: 31/38 MP: 8/15
  5280 | D:5      | Reached skill level 5 in Dodging
  5389 | D:5      | Killed from afar by Sigmund

Levels and vault maps discovered:
D:1:      matt_arrival_refuge, layout_basic
D:2:      minmay_chambers_of_ones, layout_rooms, minmay_split_cup_large
D:3:      layout_basic
D:4:      layout_basic, kennysheep_mini, lemuel_round_altar,
          nemelex_altar_shiori, serial_shops, kennysheep_little_box
D:5:      layout_rooms, nicolae_ru_sacrificial_ziggurat,
          nicolae_dithmenos_the_darkroom, slow_altar_1, first_ration,
          serial_shops, nicolae_shop_crystal, shop, uniq_crazy_yiuf_cottage,
          uniq_sigmund

Skill      XL: |  1  2  3  4  5  6  7 |
---------------+----------------------+-----
Necromancy     | 5 6 |  6.5
Dodging        | 3 4 5 |  5.0
Stealth        | 3 4 |  4.0
Bows           | 1 2 3 |  3.1
Fighting       | 1 |  1.6
Spellcasting   | 4 |  4.5

Action                   |  1- 3 |  4- 6 |  7- 9 || total
-------------------------+-------+-------+-------++-------
Melee: Spear             |       |    11 |       ||    11
       Flail             |       |    43 |       ||    43
       Quarterstaff      |       |     5 |     2 ||     7
 Fire: Shortbow          |    11 |   132 |       ||   143
 Cast: Pain              |    85 |    54 |    15 ||   154
       Vampiric Draining |       |     7 |       ||     7
       Animate Skeleton  |       |     1 |     1 ||     2
       Animate Dead      |       |       |     1 ||     1
  Use: Scroll            |     5 |     7 |       ||    12
 Stab: Sleeping          |       |     1 |       ||     1
  Eat: Chunk             |     5 |     8 |     1 ||    14
Armor: Robe              |     4 |    13 |     1 ||    18
Dodge: Dodged            |    12 |    92 |     3 ||   107

Table legend:
 A = Non-vault XP
 B = Vault XP
 C = Vault XP percentage of total XP
 D = Non-vault monster count
 E = Vault monster count
 F = Vault count percentage of total count
                 A         B        C        D         E       F
            +---------+---------+-------+---------+---------+-------
      Total |     723 |      61 |   7.8 |      97 |      10 |   9.3
            +---------+---------+-------+---------+---------+-------
        D:1 |      38 |       0 |   0.0 |      25 |       0 |   0.0
        D:2 |      30 |      22 |  42.3 |      17 |       9 |  34.6
        D:3 |      45 |       0 |   0.0 |      12 |       0 |   0.0
        D:4 |     305 |       0 |   0.0 |      18 |       0 |   0.0
        D:5 |     305 |      39 |  11.3 |      25 |       1 |   3.8
            +---------+---------+-------+---------+---------+-------
